 Dungeon Crawl Stone Soup version 0.26-a0-49-g0e6732e0a6 (webtiles) character file.

Game seed: 1106601344173505195

19496 Maedhros the Covert (level 12, -6/85 HPs)
             Began as an Octopode Artificer on June 4, 2020.
             Was a Plaything of Xom.
             Mangled by a deep troll (12 damage)
             ... on level 4 of the Lair of Beasts.
             The game lasted 00:39:40 (5508 turns).

Maedhros the Covert (Octopode Artificer)            Turns: 5508, Time: 00:39:41

Health: -6/85      AC:  1    Str: 11    XL:     12   Next: 69%
Magic:  0/18       EV: 24    Int: 14    God:    Xom [.*....]
Gold:   782        SH:  0    Dex: 17    Spells: 9/11 levels left

rFire    . . .     SeeInvis .   q - +2 rapier (vamp)
rCold    . . .     Gourm    .   (no shield)
rNeg     . . .     Faith    .   (helmet restricted)
rPois    .         Spirit   +   e - amulet of guardian spirit
rElec    .         Reflect  .   C - +4 ring of evasion
rCorr    .         Harm     .   (no ring)
MR       .....                  (no ring)
Stlth    ++++++....             (no ring)
HPRegen  0.24/turn              (no ring)
MPRegen  0.16/turn              (no ring)
                                (no ring)
                                (no ring)

@: lethally poisoned (-6 -> -32), studying Transmutations
A: almost no armour, stealthy swim, amphibious, 8 rings, constrict 8, camouflage
1, gelatinous body 1
a: Renounce Religion


You were on level 4 of the Lair of Beasts.
You worshipped Xom.
You were a plaything of Xom.
You were hungry.

You visited 3 branches of the dungeon, and saw 17 of its levels.
You also visited: Ossuary.

You collected 782 gold pieces.

Inventory:

Hand Weapons
 q - a +2 vampiric rapier (weapon)
 z - a +0 spear of venom
 B - a -1 halberd of protection
Missiles
 n - 44 poisoned darts (quivered)
 s - 3 silver javelins
 D - 57 sling bullets
Jewellery
 e - an amulet of guardian spirit (around mantle)
 A - an uncursed amulet of faith
 C - a +4 ring of evasion (left tentacle)
Wands
 d - a wand of polymorph (8)
 y - a wand of random effects (9)
 E - a wand of clouds (2)
Scrolls
 c - 2 scrolls of blinking {unknown}
 k - a scroll of brand weapon {unknown}
 o - a scroll of fear
 u - a scroll of identify
 w - a scroll of amnesia
 x - 2 scrolls of remove curse
 F - a scroll of fog {unknown}
 G - a scroll of silence {unknown}
 H - a scroll of vulnerability {unknown}
 J - a scroll of enchant armour {unknown}
Potions
 a - a potion of magic
 g - 2 potions of invisibility
 j - 6 potions of might {unknown}
 l - a potion of cancellation {unknown}
 r - 2 potions of lignification {unknown}
 t - 4 potions of flight
 v - 3 potions of ambrosia
 I - a potion of brilliance {unknown}
Books
 K - a manual of Transmutations
Miscellaneous
 m - a phial of floods
Comestibles
 f - 21 rations


   Skills:
 - Level 9.0 Fighting
 + Level 7.5 Short Blades
 - Level 9.2 Polearms
 + Level 9.9 Dodging
 + Level 12.1 Stealth
 - Level 8.0 Evocations


You had 9 spell levels left.
You knew the following spells:

 Your Spells              Type           Power        Failure   Level  Hunger
a - Apportation           Tloc           #.....       28%         1    ##.....
b - Summon Butterflies    Summ           #.......     28%         1    ##.....

Your spell library contained the following spells:

 Spells                   Type           Power        Failure   Level  Hunger
 Corona                   Hex            #......      28%         1    ##.....
 Ensorcelled Hibernation  Hex/Ice        #.....       41%         2    ###....
 Confusing Touch          Hex            #.......     65%         3    ####...
 Dazzling Flash           Conj/Hex       #.....       65%         3    ####...
 Lesser Beckoning         Tloc           #.........   65%         3    ####...
 Tukima's Dance           Hex            #.......     65%         3    ####...
 Cause Fear               Hex            #.........   96%         4    #####..
 Alistair's Intoxication  Tmut/Pois      #.......     100%        5    ######.
 Silence                  Hex/Air        #.........   100%        5    ######.
 Yara's Violent Unravell  Hex/Tmut       #.........   100%        5    ######.
 Invisibility             Hex            #.......     100%        6    #######
 Discord                  Hex            #.........   100%        8    #######


Dungeon Overview and Level Annotations

Branches:
Dungeon (12/15)            Temple (1/1) D:5            Lair (4/6) D:8
 Shoals (0/4) Lair:4       Spider (0/4) Lair:4      Ossuary (visited)
    Orc: D:9-12

Altars:
Ashenzari
Dithmenos
Elyvilon
Gozag
Hepliaklqana
Kikubaaqudgha
Makhleb
Nemelex Xobeh
Okawaru
Qazlal
Ru
Sif Muna
Trog
Uskayaw
Vehumet
Xom
Yredelemnul
Zin
The Shining One

Shops:
D:6 *   D:8 (

Annotations:
D:9 Erolcha


Innate Abilities, Weirdness & Mutations

You cannot wear most types of armour.
You are very stealthy in the water. (Stealth+)
You are amphibious.
You can wear up to eight rings at the same time.
You can use your tentacles to constrict eight enemies at once.
Your skin changes colour to match your surroundings (Stealth+).
Your rubbery body absorbs attacks. (AC +1, EV +1)


Message History

You hit the deep troll.
The deep troll is severely wounded.
* * * LOW HITPOINT WARNING * * *
You feel very sick.
The deep troll is engulfed in poison gas.
The deep troll looks as sick as possible!
The deep troll completely misses you. x2; The deep troll claws you!
* * * LOW HITPOINT WARNING * * *
You closely miss the deep troll.
The deep troll is almost dead.
* * * LOW HITPOINT WARNING * * *
You feel sick.
You completely miss the deep troll.
The deep troll is almost dead.
* * * LOW HITPOINT WARNING * * *
You feel very sick.
The deep troll is engulfed in poison gas.
The deep troll looks as sick as possible!
The deep troll bites you!
You die...

### ###.# #######P#.# #
##.§§§§T...# #P.
###....§§§@..##############
#...##^^...###...PP..##.##..#...
#^^^^..###.......>...........
##^...#^^^...................
#...^^^^....................
...^..^>^........#.#..........
#......#^^^...^......##..#......
.......##^^^............#.......
....^.. ##^#.......#....##......


You could see a deep troll (extremely poisoned).

Vanquished Creatures
  A hydra (D:11)
  Nergalle (Lair:4)
  Joseph (D:10)
  3 spiny frogs
  A rime drake (Lair:2)
  A freezing wraith (D:11)
  11 wolves
  A troll (D:8)
  A queen bee (D:10)
  A polar bear (Lair:3)
  A raiju (Lair:2)
  4 centaurs
  16 blink frogs
  5 hippogriffs
  6 dream sheep (Lair:4)
  2 redbacks (Lair:4)
  18 yaks
  Grum (D:7)
  A basilisk (Lair:3)
  A soldier ant (D:11)
  6 water moccasins
  3 porcupines
  A phantom (D:4)
  An ogre (D:6)
  A boggart (D:10)
  2 crocodiles
  2 big kobolds
  5 bullfrogs
  A water moccasin zombie (D:5)
  3 scorpions
  20 killer bees
  3 wights (D:11)
  2 howler monkeys
  An electric eel (Lair:3)
  2 crimson imps
  A centaur zombie (D:6)
  2 quasits
  4 bullfrog skeletons
  12 hounds
  2 orc priests
  A jelly (D:8)
  Jessica (D:2)
  5 iguanas
  7 orc wizards
  3 worker ants
  8 mummies (Ossuary)
  A worker ant zombie (D:11)
  9 adders
  14 gnolls
  2 shadow imps
  2 adder skeletons
  3 worms
  4 leopard geckos
  17 orcs
  A giant cockroach (D:1)
  5 goblins
  6 hobgoblins
  7 jackals
  14 kobolds
  3 quokkas (D:4)
  A ball python (D:1)
  3 bats
  A goblin zombie (D:7)
  A hobgoblin zombie (Ossuary)
  4 kobold zombies (Ossuary)
  3 orc zombies (Ossuary)
  A quokka skeleton (D:7)
  2 rats
  A rat zombie (D:7)
  A fungus (D:8)
282 creatures vanquished.

Vanquished Creatures (collateral kills)
  A centaur zombie (D:11)
  A centaur skeleton (D:11)
  A troll (D:7)
  A dream sheep (Lair:4)
  A blink frog (Lair:1)
  A hungry ghost (D:11)
  A black bear (D:11)
  An ogre (D:11)
  6 killer bees (D:11)
  2 howler monkeys (D:7)
  2 wights (D:11)
  A crimson imp (D:7)
  A hound (D:7)
  A gnoll shaman (D:7)
  2 gnolls (D:7)
  2 shadow imps
  An orc (D:5)
  2 goblins (D:3)
  4 jackals
  2 quokkas
34 creatures vanquished.

Vanquished Creatures (others)
  A two-headed ogre (D:11)
  A spiny frog (Lair:2)
  2 yaks
  A porcupine (Lair:2)
  A crocodile (Lair:3)
  2 killer bees
  An orc wizard (D:4)
  An adder (D:3)
  3 fungi (Lair:4)
  3 plants (Lair:1)
16 creatures vanquished.

Grand Total: 332 creatures vanquished

Notes
Turn   | Place    | Note
-------+----------+-------------------------------------------
     0 | D:1      | Maedhros the Octopode Artificer began the quest for the
                  | Orb.
     0 | D:1      | Reached XP level 1. HP: 13/13 MP: 3/3
    67 | D:1      | Reached skill level 2 in Stealth
    67 | D:1      | Reached XP level 2. HP: 6/18 MP: 1/4
   126 | D:2      | Noticed Jessica
   128 | D:2      | Killed Jessica
   128 | D:2      | Reached XP level 3. HP: 10/24 MP: 5/5
   145 | D:2      | Found a bloodstained altar of Trog.
   176 | D:2      | Reached skill level 3 in Stealth
   270 | D:3      | Reached XP level 4. HP: 23/29 MP: 6/6
   404 | D:5      | Entered Level 5 of the Dungeon
   405 | D:5      | Found a hazy altar of Hepliaklqana.
   405 | D:5      | Noticed a sky beast
   406 | D:5      | Reached XP level 5. HP: 35/35 MP: 7/7
   428 | D:4      | Reached skill level 4 in Stealth
   718 | D:4      | Noticed a phantom
   731 | D:4      | Killed a phantom
   731 | D:4      | Reached skill level 5 in Stealth
   731 | D:4      | Reached XP level 6. HP: 33/42 MP: 6/8
   917 | D:5      | Found a staircase to the Ecumenical Temple.
   929 | Temple   | Entered the Ecumenical Temple
   961 | Temple   | Became a worshipper of Xom of Chaos
   973 | D:5      | Noticed a phantom
   978 | D:5      | XOM: potion effect (haste)
  1016 | D:6      | Reached XP level 7. HP: 48/48 MP: 9/9
  1078 | D:6      | Reached skill level 6 in Stealth
  1097 | D:7      | Noticed a troll
  1119 | D:7      | Killed a troll
  1131 | D:7      | Killed a centaur
  1131 | D:7      | Reached skill level 5 in Dodging
  1132 | D:7      | Found a sand-covered staircase.
  1171 | D:7      | Reached XP level 8. HP: 54/54 MP: 10/10
  1235 | Ossuary  | XOM: stealth player
  1235 | Ossuary  | Entered an ossuary
  1236 | Ossuary  | XOM: 2-stop teleportation journey
  1302 | Ossuary  | XOM: fog
  1396 | Ossuary  | XOM: silly message
  1533 | D:7      | Found a white marble altar of Elyvilon.
  1582 | D:7      | Reached skill level 5 in Fighting
  1640 | D:7      | Reached skill level 5 in Short Blades
  1726 | D:6      | XOM: divination: detect items
  1727 | D:6      | Found Zin's Purification Station.
  1727 | D:6      | Found a glowing silver altar of Zin.
  1775 | D:6      | XOM: silly message
  1971 | D:7      | Noticed a +0 dagger
  1972 | D:7      | Found a hide-covered altar of Uskayaw.
  1973 | D:7      | Noticed a +0 dagger
  2081 | D:7      | Noticed Grum
  2082 | D:7      | XOM: potion effect (might)
  2087 | D:7      | Killed Grum
  2087 | D:7      | Reached XP level 9. HP: 55/62 MP: 7/11
  2108 | D:7      | XOM: potion effect (invisibility)
  2109 | D:7      | Reached skill level 1 in Polearms
  2177 | D:8      | Found a stormy altar of Qazlal.
  2249 | D:8      | Found Oweohylo's Antique Weapon Shoppe.
  2281 | D:8      | XOM: silly message
  2366 | D:9      | Noticed Erolcha
  2406 | D:9      | XOM is BORED!
  2406 | D:9      | XOM: silly message
  2525 | D:10     | Entered Level 10 of the Dungeon
  2653 | D:10     | Reached skill level 7 in Stealth
  2671 | D:10     | XOM: potion effect (invisibility)
  2674 | D:10     | XOM: smoke on damage
  2709 | D:10     | Noticed a queen bee
  2716 | D:10     | Killed a queen bee
  2716 | D:10     | Reached XP level 10. HP: 53/69 MP: 11/13
  2860 | D:10     | Noticed Joseph
  2876 | D:10     | XOM: noise
  2883 | D:10     | Killed Joseph
  2883 | D:10     | Reached skill level 5 in Polearms
  2883 | D:10     | Reached skill level 5 in Evocations
  3005 | D:10     | XOM: cast spell 'Ring of Flames'
  3005 | D:10     | Reached skill level 8 in Stealth
  3015 | D:11     | XOM: blink monster(s)
  3016 | D:11     | Noticed a seven-headed hydra
  3023 | D:11     | Killed a seven-headed hydra
  3024 | D:11     | XOM: confusion
  3053 | D:11     | XOM: swap monsters
  3063 | D:11     | Noticed a two-headed ogre
  3092 | D:11     | Killed a killer bee
  3095 | D:11     | Reached skill level 9 in Stealth
  3098 | D:11     | Reached XP level 11. HP: 44/76 MP: 9/15
  3208 | D:11     | You fall into a shaft and drop 1 floor!
  3358 | D:11     | XOM: noise
  3404 | D:11     | XOM: noise
  3409 | D:11     | Noticed a phantasmal warrior
  3417 | D:11     | XOM: summons friendly shadow imp
  3485 | D:10     | XOM: summons 1 hostile demon
  3552 | D:10     | XOM: potion effect (haste)
  3556 | D:10     | XOM: swap monsters
  3611 | D:9      | XOM: 2-stop teleportation journey
  3789 | D:9      | XOM: torment (24/77 hp)
  3840 | D:8      | Found a staircase to the Lair.
  3860 | D:8      | XOM: 1-stop teleportation journey
  4006 | Lair:1   | Entered Level 1 of the Lair of Beasts
  4042 | Lair:1   | XOM: summons 4 friendly demons
  4083 | Lair:1   | XOM: fake destruction
  4086 | Lair:1   | XOM: 4-stop teleportation journey
  4148 | Lair:1   | XOM: scenery: 1 doors close
  4217 | Lair:1   | Reached skill level 10 in Stealth
  4246 | Lair:1   | XOM: enchant monster (good)
  4249 | Lair:1   | XOM: divine lightning
  4274 | Lair:1   | XOM: fog
  4335 | Lair:1   | XOM: cleaving
  4350 | Lair:1   | XOM: fog
  4416 | Lair:2   | XOM: cast spell 'Statue Form'
  4419 | Lair:2   | XOM: divine lightning
  4508 | Lair:2   | XOM: cast spell 'Alistair's Intoxication'
  4512 | Lair:2   | XOM: summons friendly quasit
  4547 | Lair:2   | Reached XP level 12. HP: 12/84 MP: 2/17
  4561 | Lair:2   | HP: 3/84 [something (12)]
  4754 | Lair:2   | Learned a level 1 spell: Apportation
  4756 | Lair:2   | Learned a level 1 spell: Summon Butterflies
  4885 | Lair:3   | Reached skill level 11 in Stealth
  4894 | Lair:3   | XOM: scenery: create altars
  5003 | Lair:3   | XOM: god gift: scroll labeled SAINKA ENESK {god gift}
  5009 | Lair:3   | Identified a scroll of acquirement
  5062 | Lair:3   | XOM: divination: detect creatures
  5075 | Lair:3   | XOM: enchant monster (good)
  5079 | Lair:3   | XOM: enchant monster (good)
  5301 | Lair:4   | Noticed Nergalle
  5304 | Lair:4   | XOM: confuse monster(s)
  5306 | Lair:4   | XOM: potion effect (magic)
  5325 | Lair:4   | Killed Nergalle
  5344 | Lair:4   | XOM: scenery: create altars
  5347 | Lair:4   | XOM: summons friendly iron imp
  5358 | Lair:4   | XOM: confusion (+ monsters)
  5370 | Lair:4   | XOM: polymorph iron imp -> crimson imp
  5373 | Lair:4   | Reached skill level 12 in Stealth
  5421 | Lair:4   | Found a staircase to the Shoals.
  5475 | Lair:4   | Found a hole to the Spider Nest.
  5488 | Lair:4   | XOM: polymorph redback -> deep troll
  5508 | Lair:4   | Mangled by a deep troll

Illustrated notes

Levels and vault maps discovered:
D:1:      nzn_arrival_settlement, layout_basic
D:2:      layout_basic, nicolae_overflow_crystal_walls,
          chequers_ecumenical_altar_simple, minmay_misc_feat_iff,
          minmay_pentomino_pile, uniq_jessica, uniq_natasha
D:3:      layout_loops_ring, minmay_close_crescents
D:4:      layout_loops_ring, first_ration, minmay_liquid_box
D:5:      layout_layer_cave, lemuel_crystal_altar,
          amethyst_overflow_temple_binary, minmay_temple_entry_waves,
          grunt_ministairs_15
D:6:      layout_basic, zin_purify
D:7:      layout_cave_pools, dancing_weapons_uskayaw, elyvilon_altar_5,
          serial_gnoll_camp, grums_kennel, gnoll_camp_mini_hut,
          gnoll_camp_mini_hut, gnoll_camp_mini_doghouse,
          gnoll_camp_mini_loothouse, gnoll_camp_mini_hut, enter_ossuary_4
D:8:      layout_gridville, dpeg_oklobed_lair, serial_shops, shop,
          nicolae_qazlal_general_emergency
D:9:      layout_basic, marbit_many_paths, uniq_erolcha
D:10:     layout_roguey, david_nohive_1, grunt_ministairs_7,
          grunt_decor_fettered, glass_columns_c, uniq_joseph
D:11:     layout_irregular_city, grunt_decor_one_mirror,
          kennysheep_generic_room_16
D:12:     layout_loops_cross, minmay_orc_entry_temple_small,
          nrook_loot_triangle, serial_bayou_pond_c, uniq_nessos
Temple:   nicolae_temple_great_sept
Lair:1:   layout_roguey, serial_bayou_shore_a
Lair:2:   layout_gridlike
Lair:3:   layout_regular_city, nicolae_quartered_pool_little
Lair:4:   layout_regular_city, minmay_shoals_entry_centaurs,
          spider_nest_entry_webs, beast_lair_carwin_4,
          minmay_lair_oklob_chamber, uniq_nergalle

Skill      XL: |  1  2  3  4  5  6  7  8  9 10 11 12 |
---------------+-------------------------------------+-----
Stealth        | 2 3 5 6 7 9 10 12 | 12.1
Fighting       | 2 3 4 5 6 7 8 9 |  9.0
Dodging        | 3 4 5 6 7 8 9 |  9.9
Short Blades   | 3 6 7 |  7.5
Polearms       | 4 6 9 |  9.2
Evocations     | 4 6 7 8 |  8.0

Action                   |  1- 3 |  4- 6 |  7- 9 | 10-12 || total
-------------------------+-------+-------+-------+-------++-------
Melee: Short sword       |    43 |    60 |       |       ||   103
       Constrict         |    11 |    18 |    56 |    65 ||   150
       Tentacles         |     8 |    15 |    48 |   108 ||   179
       Rapier            |       |     2 |   250 |   459 ||   711
Throw: Dart              |       |       |     2 |     1 ||     3
Evoke: Wand              |     3 |    32 |    10 |    44 ||    89
       Phial of floods   |       |       |     1 |     1 ||     2
  Use: Scroll            |       |       |     6 |     9 ||    15
       Potion            |       |       |     1 |    12 ||    13
 Stab: Sleeping          |     3 |     4 |    30 |    13 ||    50
       Distracted        |       |       |     1 |       ||     1
       Invisible         |       |       |       |    10 ||    10
       Confused          |       |       |       |     3 ||     3
       Paralysed         |       |       |       |     1 ||     1
  Eat: Chunk             |       |       |     5 |     9 ||    14
       Ration            |       |       |       |     1 ||     1
Armor: Skin              |     1 |     3 |     6 |    16 ||    26
Dodge: Dodged            |    23 |    49 |   229 |   460 ||   761

Table legend:
 A = Non-vault XP
 B = Vault XP
 C = Vault XP percentage of total XP
 D = Non-vault monster count
 E = Vault monster count
 F = Vault count percentage of total count
                 A         B        C        D         E       F
            +---------+---------+-------+---------+---------+-------
      Total |   23172 |    4680 |  16.8 |     251 |      71 |  22.0
            +---------+---------+-------+---------+---------+-------
        D:1 |      17 |       0 |   0.0 |      10 |       0 |   0.0
        D:2 |      16 |      40 |  71.4 |       5 |       3 |  37.5
        D:3 |      23 |      10 |  30.3 |       6 |       6 |  50.0
        D:4 |     318 |       0 |   0.0 |      16 |       0 |   0.0
        D:5 |     139 |       3 |   2.1 |       8 |       1 |  11.1
        D:6 |     606 |       0 |   0.0 |      15 |       0 |   0.0
        D:7 |     595 |     900 |  60.2 |      20 |      19 |  48.7
        D:8 |    1042 |       0 |   0.0 |      25 |       0 |   0.0
        D:9 |     475 |       0 |   0.0 |      18 |       0 |   0.0
       D:10 |     382 |    2049 |  84.3 |      10 |      20 |  66.7
       D:11 |    4753 |     240 |   4.8 |      41 |       3 |   6.8
       D:12 |      84 |       0 |   0.0 |       2 |       0 |   0.0
     Lair:1 |    3935 |       0 |   0.0 |      23 |       0 |   0.0
     Lair:2 |    4639 |       0 |   0.0 |      19 |       0 |   0.0
     Lair:3 |    2548 |       0 |   0.0 |      15 |       0 |   0.0
     Lair:4 |    3600 |    1280 |  26.2 |      18 |       3 |  14.3
    Ossuary |       0 |     158 | 100.0 |       0 |      16 | 100.0
            +---------+---------+-------+---------+---------+-------
